 Dungeon Crawl Stone Soup version 0.19-a0-606-gee5277e (webtiles) character file.

2965 TheGoonsmith the Destroyer (level 9, -6/45 HPs)
             Began as a Gargoyle Fire Elementalist on June 12, 2016.
             Was a Follower of Vehumet.
             Mangled by hoot's ghost (13 damage)
             ... on level 8 of the Dungeon.
             The game lasted 00:13:40 (9213 turns).

TheGoonsmith the Destroyer (GrFE)                   Turns: 9213, Time: 00:13:41

Health: -6/45      AC: 12    Str: 16    XL:     9   Next: 82%
Magic:  2/17       EV: 17    Int: 28    God:    Vehumet [*.....]
Gold:   284        SH:  0    Dex: 16    Spells: 4 memorised, 6 levels left

rFire  . . .     SeeInvis .     D - +8 halberd "Suxt" {chop, Str+4}
rCold  . . .     Gourm    .     z - +1 leather armour of the Demon Prince {Int+4}
rNeg   + . .     Faith    +     (shield currently unavailable)
rPois  ∞         Spirit   .     G - +0 helmet
rElec  +         Dismiss  .     v - +1 cloak
rCorr  .         Reflect  .     (no gloves)
SustAt .         Harm     .     (no boots)
MR     .....                    a - amulet of faith
Stlth  +++.......               y - +6 ring of intelligence
                                (no ring)

@: agile, not resistant to hostile enchantments, fairly stealthy
A: negative energy resistance 1, electricity resistance, unbreathing,
petrification resistance, rot immunity, AC +5
a: Renounce Religion


You were on level 8 of the Dungeon.
You worshipped Vehumet.
Vehumet was aware of your devotion.
You were not hungry.

You visited 2 branches of the dungeon, and saw 9 of its levels.

You collected 284 gold pieces.

Inventory:

Hand Weapons
 g - a +1 mace of protection
 B - a +2 whip of venom
 D - the +8 halberd "Suxt" (weapon) {chop, Str+4}
   (You found it on level 7 of the Dungeon)

   It inflicts extra damage upon your enemies.
   It affects your strength (+4).
Armour
 v - a +1 cloak (worn)
 z - the +1 leather armour of the Demon Prince (worn) {Int+4}
   (You found it on level 5 of the Dungeon)

   It affects your intelligence (+4).
 G - a +0 helmet (worn)
Rods
 E - a -1 iron rod (9/9)
   (You found it on level 7 of the Dungeon)
Jewellery
 a - an amulet of faith (around neck)
 f - an uncursed ring of flight
 y - a +6 ring of intelligence (right hand)
 F - a +3 ring of strength
 H - a +5 ring of strength
Wands
 C - a wand of enslavement (14/24)
 K - a wand of random effects (21/48)
Scrolls
 d - 3 scrolls of remove curse
 n - 2 scrolls of teleportation
 t - a scroll of fog
 u - a scroll of enchant weapon
 A - a scroll of blinking
 I - a scroll of identify
 J - a scroll of brand weapon {unknown}
Potions
 e - 2 potions of heal wounds
 h - 2 potions of curing
 i - 2 potions of haste
 j - a potion of flight {unknown}
 k - a potion of degeneration {unknown}
 r - a potion of brilliance {unknown}
 s - a potion of berserk rage {unknown}
 w - 2 potions of might {unknown}
 x - 2 potions of agility
Books
 b - a book of Flames

   Spells                             Type                      Level
   a - Flame Tongue                   Conjuration/Fire             1
   b - Throw Flame                    Conjuration/Fire             2
   c - Conjure Flame                  Conjuration/Fire             3
   d - Inner Flame                    Hexes/Fire                   3
   e - Sticky Flame                   Conjuration/Fire             4
   f - Fireball                       Conjuration/Fire             5
Comestibles
 c - 7 bread rations
 l - 3 meat rations
 m - 2 slices of pizza
 o - a royal jelly
 p - 3 beef jerkies
 q - 5 fruits


   Skills:
 - Level 1.5 Dodging
 - Level 2.1 Stealth
 + Level 5.7 Spellcasting
 * Level 9.3 Conjurations
 * Level 8.9 Fire Magic


You had 6 spell levels left.
You knew the following spells:

 Your Spells              Type           Power        Failure   Level  Hunger
a - Flame Tongue          Conj/Fire      #####        1%          1    None
c - Conjure Flame         Conj/Fire      ######..     1%          3    None
f - Fireball              Conj/Fire      ######....   6%          5    #####..
s - Sticky Flame          Conj/Fire      ######..     1%          4    ###....


Dungeon Overview and Level Annotations

Branches:
Dungeon (8/15)             Temple (1/1) D:4
   Lair: D:8-11

Altars:
Ashenzari
Cheibriados
Dithmenos
Fedhas
Gozag
Kikubaaqudgha
Makhleb
Nemelex Xobeh
Pakellas
Qazlal
Ru
Sif Muna
Trog
Uskayaw
Vehumet
Xom
Yredelemnul
Zin
The Shining One

Annotations:
D:8 hoot's ghost, novice TrMo


Innate Abilities, Weirdness & Mutations

You are resistant to torment.
Your stone body is resilient. (AC +5)
You are immune to poison.
You resist negative energy. (rN+)
You are resistant to electric shocks. (rElec)
You can survive without breathing.
You are immune to petrification.
You are immune to rotting.


Message History

Hoot's ghost closely misses you.
An orc comes into view. It is wielding a whip.
You closely miss hoot's ghost.
Hoot's ghost is heavily damaged.
Hoot's ghost hits you but does no damage.
You feel agile all of a sudden. Hoot's ghost misses you.
You closely miss hoot's ghost.
Hoot's ghost is heavily damaged.
Hoot's ghost barely misses you. The orc misses you.
Hoot's ghost barely misses you.
You hit hoot's ghost but do no damage.
Hoot's ghost is heavily damaged.
The orc closely misses you. Hoot's ghost hits you!!
Ouch! That really hurt!
* * * LOW HITPOINT WARNING * * *
You closely miss the orc. The orc hits you but does no damage.
Hoot's ghost misses you. The orc hits you but does no damage.
Hoot's ghost hits you!
You die...

##.#.##.### .## ..<#.#.....
... ### # ..#.###### ... ..#.
.......... ###.##.#.
#.#.###### ........ #.#.......
####..#.############.#.......
...........o..........>....#.
######......W@......#.#.#...#.
#........#########..#.#.#.....
#........# #..#.#.#.#.##
#........#########..#...#.....
...####................#######
.. #.#.#######.####.# . #.#.#
..# #... #.#.# ##.# ..##.
#.... ..#


You could see hoot's ghost and an orc.

Vanquished Creatures
  Joseph (D:7)
  Duvessa (D:5)
  2 phantoms
  2 orc warriors
  A sky beast (D:7)
  A black bear (D:7)
  An ogre (D:5)
  2 centaurs (D:5)
  A giant frog (D:6)
  2 scorpions (D:5)
  A water moccasin skeleton (D:7)
  Dowan (D:5)
  A howler monkey (D:4)
  A giant frog zombie (D:4)
  2 centaur zombies (D:6)
  3 crimson imps (D:5)
  2 hounds
  3 orc priests
  2 jellies
  A giant frog skeleton (D:5)
  A gnoll shaman (D:6)
  3 iron imps (D:6)
  Ijyb (D:3)
  5 iguanas
  7 orc wizards
  Natasha (thrice) (D:4)
  5 worker ants
  A killer bee zombie (D:7)
  A hound zombie (D:7)
  A howler monkey zombie (D:6)
  A worker ant zombie (D:6)
  13 gnolls
  6 adders
  A shadow imp (D:5)
  3 oozes
  An adder zombie (D:6)
  An adder skeleton (D:5)
  2 worms (D:5)
  7 dart slugs
  3 giant geckos
  22 orcs
  3 ball pythons
  3 giant cockroaches
  8 goblins
  3 hobgoblins
  3 jackals (D:1)
  5 kobolds
  2 quokkas (D:5)
  7 bats
  A giant gecko zombie (D:6)
  4 giant newts
  6 rats
164 creatures vanquished.

Notes
Turn   | Place    | Note
--------------------------------------------------------------
     0 | D:1      | TheGoonsmith the Gargoyle Fire Elementalist began the quest for the Orb.
     0 | D:1      | Reached XP level 1. HP: 10/10 MP: 3/3
   151 | D:1      | Reached XP level 2. HP: 15/15 MP: 0/5
   471 | D:1      | Reached XP level 3. HP: 11/19 MP: 1/6
   479 | D:1      | Reached skill level 2 in Conjurations
  1373 | D:2      | Found a shattered altar of Ashenzari.
  1928 | D:3      | Found a faded altar of an unknown god.
  1940 | D:3      | Reached XP level 4. HP: 24/24 MP: 3/7
  1959 | D:3      | Found a sacrificial altar of Ru.
  1977 | D:3      | Reached skill level 3 in Conjurations
  2074 | D:3      | Found a shadowy altar of Dithmenos.
  2199 | D:3      | Reached XP level 5. HP: 7/28 MP: 0/8
  2759 | D:3      | Noticed Ijyb
  2800 | D:3      | Killed Ijyb
  3213 | D:4      | Reached skill level 4 in Conjurations
  3213 | D:4      | Reached XP level 6. HP: 27/32 MP: 3/10
  3258 | D:4      | Learned a level 3 spell: Conjure Flame
  3263 | D:4      | Learned a level 4 spell: Sticky Flame
  3300 | D:4      | Found a snail-covered altar of Cheibriados.
  3498 | D:4      | Noticed Natasha
  3503 | D:4      | Killed Natasha
  3546 | D:4      | Found a staircase to the Ecumenical Temple.
  3558 | Temple   | Entered the Ecumenical Temple
  3960 | D:4      | Noticed Natasha
  3964 | D:4      | Killed Natasha
  3964 | D:4      | Reached skill level 5 in Fire Magic
  4472 | D:4      | Noticed Natasha
  4475 | D:4      | Killed Natasha
  4475 | D:4      | Reached skill level 5 in Conjurations
  4485 | D:4      | Reached XP level 7. HP: 36/36 MP: 7/12
  4628 | D:5      | Entered Level 5 of the Dungeon
  4670 | D:5      | Learned a level 5 spell: Fireball
  4692 | D:5      | Got a faintly humming leather armour
  4703 | D:5      | Identified the +1 leather armour of the Demon Prince {Int+4} (You found it on level 5 of the Dungeon)
  5003 | D:5      | Reached skill level 6 in Conjurations
  5075 | D:5      | Found a glowing golden altar of the Shining One.
  5095 | D:5      | Reached XP level 8. HP: 41/41 MP: 14/14
  5195 | D:5      | Noticed Dowan
  5200 | D:5      | Noticed Duvessa
  5202 | D:5      | Killed Dowan
  5210 | D:5      | Killed Duvessa
  5434 | D:5      | Reached skill level 7 in Conjurations
  5666 | D:5      | Noticed a water elemental
  5668 | D:5      | Found a stormy altar of Qazlal.
  5669 | D:5      | Noticed an air elemental
  5919 | D:5      | HP: 1/41 [orc priest/divine providence (14)]
  6480 | D:6      | Found a shimmering altar of Xom.
  6480 | D:6      | Found a shimmering altar of Xom.
  6483 | D:6      | Found a shimmering altar of Xom.
  6483 | D:6      | Found a shimmering altar of Xom.
  6483 | D:6      | Found a shimmering altar of Xom.
  6484 | D:6      | Found a shimmering altar of Xom.
  6484 | D:6      | Found a shimmering altar of Xom.
  6484 | D:6      | Found a shimmering altar of Xom.
  6484 | D:6      | Found a shimmering altar of Xom.
  6522 | D:6      | Found a radiant altar of Vehumet.
  6535 | D:6      | Became a worshipper of Vehumet
  6569 | D:6      | Reached XP level 9. HP: 38/45 MP: 2/16
  6728 | D:6      | Reached skill level 8 in Conjurations
  7095 | D:6      | Reached skill level 5 in Spellcasting
  7412 | D:6      | Found a burning altar of Makhleb.
  7656 | D:7      | Got a fine halberd
  7659 | D:7      | Identified the +8 halberd "Suxt" {chop, Str+4} (You found it on level 7 of the Dungeon)
  7802 | D:7      | Reached * piety under Vehumet
  7802 | D:7      | Offered knowledge of Sandblast by Vehumet.
  8295 | D:7      | Noticed Joseph
  8309 | D:7      | Killed Joseph
  8309 | D:7      | Reached skill level 9 in Conjurations
  9189 | D:8      | Noticed hoot's ghost (novice TrMo)
  9213 | D:8      | Mangled by hoot's ghost

Vault maps used:
D:1:      saegor_arrival_under_anarchy
D:2:      evilmike_ruin_ashenzari
D:3:      grunt_dithmenos_smoke_and_mirrors, ecumenical_altar_1,
          serial_bayou_pond_e, nicolae_ru_great_annihilating_truth, uniq_iyjb
D:4:      kennysheep_slug_shrine, minmay_temple_entry_junction, first_bread,
          uniq_natasha
D:5:      nicolae_qazlal_style_of_elements, tso_metal_star, uniq_duvessa
D:6:      xom_redecorated, vehumet_crystals, demons_altar
D:7:      uniq_joseph
D:8:      nicolae_overflow_crystal_walls, lemuel_crystal_altar, serial_shops,
          shop, shop, shop_fountains, nicolae_shop_statue_plus
Temple:   triangle_lava_temple_10

Skill      XL: |  1  2  3  4  5  6  7  8  9 |
---------------+----------------------------+-----
Conjurations   | 2 3 4 5 6 7 9 |  9.3
Fire Magic     | 4 5 6 7 8 |  8.9
Spellcasting   | 3 4 5 |  5.7
Dodging        | |  1.5
Stealth        | |  2.1

Action                   |  1- 3 |  4- 6 |  7- 9 || total
-------------------------+-------+-------+-------++-------
Melee: Mace              |    25 |    51 |   117 ||   193
       Unarmed           |     8 |       |       ||     8
       Halberd           |       |       |    27 ||    27
       Whip              |       |       |     6 ||     6
 Cast: Flame Tongue      |    64 |   106 |   247 ||   417
       Sticky Flame      |       |       |     9 ||     9
       Conjure Flame     |       |       |     8 ||     8
       Fireball          |       |       |     3 ||     3
  Use: Scroll            |       |     8 |     6 ||    14
       Potion            |       |     1 |     3 ||     4
  Eat: Chunk             |     4 |     8 |    13 ||    25
       Bread ration      |       |       |     1 ||     1
Armor: Robe              |    45 |    51 |     3 ||    99
       Leather armour    |       |       |   131 ||   131
Dodge: Dodged            |    55 |    65 |   151 ||   271
